 Dungeon Crawl Stone Soup version 0.29-a0-824-gd827844 (webtiles) character file.

Game seed: 18417018238705326991

65 PurpleRed the Sneak (level 3, 0/22 HPs)
             Began as a Deep Elf Brigand on July 9, 2022.
             Killed by nerve-wracking pain
             ... invoked by Grinder
              (4 damage)
             ... on level 3 of the Dungeon.
             The game lasted 00:08:43 (1208 turns).

PurpleRed the Sneak (Deep Elf Brigand)              Turns: 1208, Time: 00:08:44

Health: 0/22       AC:  7    Str:  8    XL:     3   Next: 92%
Magic:  9/9        EV: 10    Int: 17    God:
Gold:   1203       SH:  0    Dex: 16    Spells: 8/8 levels left

rFire   . . .      SeeInvis .   g - +2 dagger (vamp)
rCold   . . .      Faith    .   (no shield)
rNeg    . . .      Spirit   .   q - +0 ring mail
rPois   .          Reflect  .   (no helmet)
rElec   .          Harm     .   c - +0 cloak
rCorr   .          Rampage  .   (no gloves)
Will    .....                   m - +0 pair of boots
Stlth   ++........              j - amulet of the acrobat
HPRegen 0.07/turn               (no ring)
MPRegen 0.11/turn               (no ring)

@: no status effects
A: no striking features
a: no special abilities


You were on level 3 of the Dungeon.
You visited 1 branch of the dungeon, and saw 4 of its levels.

You collected 1203 gold pieces.

Inventory:

Hand Weapons
 a - a +2 dagger
 g - a +2 vampiric dagger (weapon)
Missiles
 d - 9 poisoned darts (quivered)
Armour
 b - a +0 robe
 c - a +0 cloak (worn)
 m - a +0 pair of boots (worn)
 q - a +0 ring mail (worn)
Magical Staves
 p - a staff of death
Jewellery
 j - an amulet of the acrobat (around neck)
 n - an amulet of faith


   Skills:
 + Level 2.7 Fighting
 - Level 2.0 Short Blades
 - Level 2.0 Throwing
 - Level 1.2 Dodging
 - Level 4.8 Stealth
 + Level 3.3 Spellcasting


You had 8 spell levels left.
You didn't know any spells.
Your spell library contained the following spells:

 Spells                   Type           Power      Damage    Failure   Level
 Cause Fear               Hex            1%         N/A       99%         4
 Dragon Form              Tmut           1%         N/A       100%        7
 Dragon's Call            Summ           1%         N/A       100%        9


Dungeon Overview and Level Annotations

Branches:
Dungeon (4/15)
 Temple: D:4-7

Altars:

Annotations:
D:3 1 runed translucent door, Grinder; Tommy's ghost, amateur DjFE


Message History

Grinder is heavily wounded.
Grinder gestures at you. Pain shoots through your body!
You barely miss Grinder.
Grinder is heavily wounded.
Grinder barely misses you.
You hit Grinder.
Grinder is severely wounded.
Grinder hits you but does no damage.
You barely miss Grinder.
Grinder is severely wounded.
Grinder says, "Wait up."
Grinder gestures at you. You resist with significant effort.
You hit Grinder.
Grinder is severely wounded.
Grinder blinks!
Grinder gestures at you. Pain shoots through your body!
* * * LOW HITPOINT WARNING * * *
You hit Grinder but do no damage.
Grinder is severely wounded.
Grinder closely misses you.
You closely miss Grinder.
Grinder is severely wounded.
Grinder hits you but does no damage.
You closely miss Grinder.
Grinder is severely wounded.
You hit Grinder.
Grinder is severely wounded.
Grinder says, "You look like you could use a good racking."
Grinder barely misses you.
You hit Grinder.
Grinder is severely wounded.
Grinder hits you but does no damage.
You hit Grinder.
Grinder is almost dead.
Grinder gestures at you. Pain shoots through your body!
You die...

..........# #.....#..#.........
..........# #.....#..#.........
..........# #.....##.#.........
..........# #.....##...........
.J........#≈≈F#.....)†...........
#.........#S?≈#....###)...†......
##........#≈W≈#...## #....†......
#≈≈≈#..## ##...........
#≈≈≈##@####......######
#≈≈B##5..........#
###+##............#
#.................#
#................>#
#..(..............#
#...).............#
#.................#
#.................#


You could see Grinder.

Vanquished Creatures
  An adder (D:2)
  A worm (D:3)
  6 dart slugs
  4 orcs (D:3)
  3 bats (D:1)
  An endoplasm (D:2)
  3 giant cockroaches
  2 goblins
  2 hobgoblins
  3 kobolds
  3 quokkas
  3 frilled lizards
  4 rats
36 creatures vanquished.

Notes
Turn   | Place    | Note
-------+----------+-------------------------------------------
     0 | D:1      | PurpleRed the Deep Elf Brigand began the quest for the Orb.
     0 | D:1      | Reached XP level 1. HP: 12/12 MP: 3/3
    71 | D:1      | Found a faded altar of an unknown god.
    87 | D:1      | Reached skill level 1 in Spellcasting
   160 | D:2      | Reached XP level 2. HP: 17/17 MP: 4/6
   374 | D:2      | Reached XP level 3. HP: 21/21 MP: 8/8
   446 | D:3      | Noticed Grinder
   915 | D:3      | Found a runed translucent door.
   927 | D:3      | Noticed Tommy's ghost (amateur DjFE)
   929 | D:3      | Noticed a bullfrog
   964 | D:4      | Identified a scroll of acquirement
   964 | D:4      | Acquired 1030 gold pieces
  1172 | D:3      | Paralysed by Grinder for 2 turns
  1208 | D:3      | Killed from afar by Grinder

Illustrated notes

Levels and vault maps discovered:
D:1:      roderic_chinese_lattice_arrival, layout_basic,
          shapermc_ecumenical_altar_starsandcircs
D:2:      layout_basic, uniq_natasha
D:3:      layout_basic, ebering_ghost_sewer_f, uniq_grinder
D:4:      layout_basic

Skill      XL: |  1  2  3 |
---------------+----------+-----
Spellcasting   | 1 2 3 |  3.3
Fighting       | 2 |  2.7
Short Blades   | |  2.0
Throwing       | |  2.0
Dodging        | |  1.2
Stealth        | |  4.8

Action                   || total
-------------------------++-------
Melee: Dagger            ||   154
Throw: Dart              ||    10
  Use: Scroll            ||     9
       Potion            ||     3
 Stab: Sleeping          ||     8
Armor: Robe              ||    19
       Ring mail         ||    18
Dodge: Dodged            ||    82

Table legend: (Time is in decaauts)
 A = Elapsed time spent in this place.
 B = Non-inter-level travel time spent in this place.
 C = Inter-level travel time spent in this place.
 D = Time resting spent in this place.
 E = Time spent auto-exploring this place.
 F = Levels seen in this place.
 G = Mean time per level.
                   A        B        C        D        E       F      G
               +--------+--------+--------+--------+--------+-----+--------+
         Total |   1192 |   1192 |      0 |      0 |      0 |   4 |  298.0 |
       Dungeon |   1192 |   1192 |      0 |      0 |      0 |   4 |  298.0 |
               +--------+--------+--------+--------+--------+-----+--------+

Top non-repeatable levels by time:
     D:2: 634 daAuts
     D:3: 277 daAuts
     D:1: 223 daAuts
     D:4: 56 daAuts
